 Dungeon Crawl Stone Soup version 0.32-a0-900-g30fb1b0edc (webtiles) character file.

Game seed: 4034844229714990581

44390 Gunch the Warrior (level 14, -6/170 HPs)
             Began as an Oni Warper on Apr 6, 2024.
             Was a High Priest of Wu Jian.
             Killed from afar by a lindwurm (53 damage)
             ... with a blast of flame
             ... on level 5 of the Lair of Beasts.
             The game lasted 00:39:24 (20890 turns).

Gunch the Warrior (Oni Warper)                     Turns: 20890, Time: 00:39:25

Health: -6/170     AC: 15    Str: 25    XL:     14   Next: 28%
Magic:  26/28      EV:  1    Int: 14    God:    Wu Jian [*****.]
Gold:   989        SH:  0    Dex: 11    Spells: 19/33 levels left

rFire   . . .        b - +9 trident of the Old World {speed, Str+3 Dex+3}
rCold   . . .        (no shield)
rNeg    . . .        B - +0 acid dragon scales
rPois   .            L - +2 hat
rElec   .            A - +1 cloak
rCorr   +            (gloves unavailable)
SInv    .            (boots unavailable)
Will    +....        h - amulet of reflection
Stlth   +            y - +4 ring of protection
HPRegen 0.48/turn    q - +4 ring of slaying
MPRegen 0.21/turn

%: reflection
@: sleeping, on blink cooldown
A: large, unfitting armour, horns 1, tough skin 1, double potion healing,
drunken brawling
a: Renounce Religion, Wall Jump, Serpent's Lash, Heavenly Storm


You were on level 5 of the Lair of Beasts.
You worshipped Wu Jian.
Wu Jian was extremely pleased with you.
You visited 3 branches of the dungeon, and saw 17 of its levels.

You collected 989 gold pieces.

Inventory:

Hand Weapons
 a - a +0 giant spiked club of flaming
 b - the +9 trident of the Old World (weapon) {speed, Str+3 Dex+3}
   (You found it on level 5 of the Dungeon)

   Str+3:     It affects your strength (+3).
   Dex+3:     It affects your dexterity (+3).
 c - a +2 war axe of electrocution
Missiles
 C - 26 poisoned darts (quivered)
 H - 3 curare-tipped darts
Armour
 u - a +1 robe of willpower
 A - a +1 cloak (worn)
 B - +0 acid dragon scales (worn)
 L - a +2 hat (worn)
Jewellery
 h - an amulet of reflection (around neck)
 j - a ring of flight
 q - a +4 ring of slaying (right hand)
 x - a ring of poison resistance
 y - a +4 ring of protection (left hand)
 D - a ring of protection from cold
 I - a ring of magical power
 N - a +4 ring of protection
 O - an amulet of regeneration
 T - a ring of wizardry
 U - a ring of magical power
Wands
 n - a wand of mindburst (23)
 r - a wand of digging (3)
 t - a wand of warping (22)
 F - a wand of flame (24)
 Q - a wand of quicksilver (9)
Scrolls
 f - 10 scrolls of teleportation
 g - 3 scrolls of immolation
 l - 5 scrolls of vulnerability
 o - 5 scrolls of enchant weapon
 s - 2 scrolls of poison
 M - a scroll of revelation
 R - a scroll of amnesia
 V - 3 scrolls of fear
Potions
 d - 4 potions of ambrosia
 i - 5 potions of curing
 k - a potion of haste
 m - a potion of berserk rage
 p - 3 potions of degeneration
 v - a potion of cancellation
 w - 4 potions of heal wounds
 z - 3 potions of might
 E - a potion of lignification {unknown}
 G - 2 potions of enlightenment
 J - 3 potions of attraction
 K - 2 potions of mutation {unknown}
 P - 3 potions of resistance {unknown}
 S - a potion of magic {unknown}


   Skills:
 * Level 18.4 Fighting
 - Level 9.0 Maces & Flails
 - Level 8.7 Polearms
 - Level 1.0 Throwing
 + Level 2.9 Armour
 + Level 6.2 Dodging
 - Level 10.3 Spellcasting
 - Level 8.8 Translocations
 - Level 5.5 Air Magic


You had 19 spell levels left.
You knew the following spells:

 Your Spells              Type           Power      Damage    Failure   Level
a - Blink                 Tloc           62%        N/A       1%          2
b - Lesser Beckoning      Tloc           62%        N/A       1%          2
c - Maxwell's Portable P  Tloc           31%        2d(8-22)  1%          3
d - Vhi's Electric Charg  Tloc/Air       54%        N/A       6%          4
e - Teleport Other        Tloc           31%        N/A       1%          3

Your spell library contained the following spells:

 Spells                   Type           Power      Damage    Failure   Level
 Apportation              Tloc           62%        N/A       1%          1
 Mercury Vapours          Alch/Air       30%        N/A       6%          2
 Sandblast                Erth           14%        2d6       12%         1
 Sting                    Conj/Alch      28%        1d4       12%         1
 Jinxbite                 Hex            14%        N/A       19%         2
 Scorch                   Fire           14%        2d5       19%         2
 Inner Flame              Hex/Fire       7%         N/A       36%         3
 Stone Arrow              Conj/Erth      14%        3d7       36%         3
 Animate Dead             Necr           7%         N/A       77%         4
 Brom's Barrelling Bould  Conj/Erth      7%         2d3       77%         4
 Flame Wave               Conj/Fire      7%         2d5       77%         4
 Olgreb's Toxic Radiance  Alch           7%         N/A       77%         4
 Alistair's Intoxication  Alch           4%         N/A       98%         5
 Irradiate                Conj/Alch      3%         3d12      98%         5
 Yara's Violent Unravell  Hex/Alch       3%         3d4       98%         5
 Summon Cactus Giant      Summ           3%         N/A       100%        6
 Enfeeble                 Hex            3%         N/A       100%        7
 Haunt                    Necr/Summ      3%         N/A       100%        7
 Ignition                 Fire           3%         3d4       100%        8
 Infestation              Necr           3%         N/A       100%        8
 Chain Lightning          Conj/Air       7%         3d10      100%        9
 Fire Storm               Conj/Fire      3%         8d1       100%        9
 Shatter                  Erth           3%         3d7*      100%        9


Dungeon Overview and Level Annotations

Branches:
Dungeon (11/15)            Temple (1/1) D:6            Lair (5/5) D:9
  Swamp (0/4) Lair:3       Spider (0/4) Lair:3        Slime (0/5) Lair:5
    Orc (0/2) D:11

Altars:
Ashenzari
Cheibriados
Dithmenos
Elyvilon
Fedhas
Gozag
Hepliaklqana
Kikubaaqudgha
Makhleb
Nemelex Xobeh
Okawaru
Qazlal
Ru
Sif Muna
Trog
Uskayaw
Vehumet
Wu Jian
Xom
Yredelemnul
Zin
The Shining One
Ignis
Jiyva

Shops:
D:5 :


Innate Abilities, Weirdness & Mutations

You are too large for most types of armour.
You have a pair of small horns on your head.
You have tough skin. (AC +1)
You gain doubled healing and magic from potions.
Whenever you drink a healing potion, you attack all around you.


Message History

The death yak stops moving altogether!
The helpless manticore fails to defend itself.
You impale the manticore!!
The manticore is moderately wounded.
The helpless manticore fails to defend itself.
You impale the manticore!!
The manticore is heavily wounded.
The dream sheep ruffle their wool and motes of dream dust sparkle, to no effect.
The dream sheep headbutts the plant.
The plant begins to die.
The helpless manticore fails to defend itself.
You impale the manticore!!
The manticore is severely wounded.
The helpless manticore fails to defend itself.
You hit the manticore.
The manticore is severely wounded.
The dream sheep barely misses you.
The dream sheep headbutts the plant!
The helpless manticore fails to defend itself.
You impale the manticore!!
You kill the manticore!
The Council accepts your kill. The dream sheep headbutts you.
The helpless death yak fails to defend itself.
You puncture the death yak!
The death yak is lightly wounded.
The dream sheep shake their wool and sparkle.
You feel drowsy...
You fall asleep.
The death yak is no longer petrified.
The dream sheep headbutts you but does no damage.
The death yak gores you!!!
You wake up.
* * * LOW HITPOINT WARNING * * *
The dream sheep headbutts the plant!
You block the lindwurm's attack.
The lindwurm claws you but does no damage. x2
Casting: Blink (safe; 1% risk of failure)
Confirm with . or Enter, or press ? or * to list all spells.
You blink.
A nearby plant withers and dies.
The dream sheep shake their wool and sparkle.
You feel drowsy...
You fall asleep.
The lindwurm breathes flames at you. The blast of flame hits you!!!
You die...

........####.##..####.#
# ........# ####### ###
#### .......## .###
####.P. .....### ..####
###.P.... ....##
.....## ##.....†..
....# ##
##.....###.....#.##
.#### #..
.......##.....#... ##
#...#.#..P###P....#...
#....@..###}###.......
######.......#...#####
#P....#...#....P##.
#...k.†...#.....##.
#....Y#####....###.
####Y..§......###..
##......P#.# ##P
###.P.##### ##
############# ###


You could see a death yak, a lindwurm (catching breath) and a dream sheep.

Vanquished Creatures
  A fire dragon (Lair:5)
  A catoblepas (Lair:5)
  4 two-headed ogres
  2 hydras (Lair:5)
  A dancing weapon (D:8)
  4 death yaks
  The ghost of Twinkles the Covert, a novice OpBr of Gozag (D:8)
  A fire crab (Lair:5)
  A skyshark (Lair:3)
  A swamp dragon (Lair:5)
  A cyclops (D:11)
  An oklob plant (Lair:5)
  A manticore (Lair:5)
  14 elephants
  7 black mambas
  6 rime drakes
  Maggie (D:6)
  12 cane toads
  7 komodo dragons
  2 polar bears (Lair:4)
  A hornet (D:8)
  15 blink frogs
  Sigmund (D:6)
  A shadow (D:11)
  24 yaks
  9 wyverns
  3 wraiths
  6 basilisks
  3 redbacks (Lair:3)
  7 steam dragons
  Menkaure (D:5)
  7 vampire mosquitoes
  11 water moccasins
  4 acid dragons
  7 orc warriors
  2 swamp drakes (Lair:5)
  3 ice beasts
  2 ogres (D:6)
  2 centaurs (D:9)
  11 wolves
  7 kobold brigands
  A phantom (D:5)
  12 bullfrogs
  A scorpion (D:7)
  6 wights
  8 killer bees
  4 howler monkeys (D:7)
  4 jellies
  Crazy Yiuf (D:5)
  A bombardier beetle (D:5)
  6 hounds
  5 orc priests
  7 iguanas
  A gnoll bouda (D:7)
  2 sleepcaps
  13 orc wizards
  15 adders
  4 gnolls (D:7)
  A white imp (D:6)
  6 ufetubi
  3 dart slugs
  3 ribbon worms
  38 orcs
  9 ball pythons
  6 endoplasms
  2 giant cockroaches
  6 goblins
  A hobgoblin (D:2)
  5 jackals
  5 quokkas
  4 bats
  5 frilled lizards
  40 kobolds
  3 rats
424 creatures vanquished.

Notes
Turn   | Place    | Note
-------+----------+-------------------------------------------
     0 | D:1      | Gunch the Oni Warper began the quest for the Orb.
     0 | D:1      | Reached XP level 1. HP: 22/22 MP: 3/3
    50 | D:1      | Reached skill level 3 in Fighting
   102 | D:1      | Reached XP level 2. HP: 10/31 MP: 5/5
   279 | D:1      | Reached skill level 4 in Fighting
   489 | D:1      | Found a faded altar of an unknown god.
   516 | D:1      | Reached XP level 3. HP: 16/40 MP: 6/6
   861 | D:2      | HP: 2/41 [poisoned by an adder]
   868 | D:2      | HP: 1/41 [kobold/+0 short sword (3)]
  1204 | D:2      | Reached skill level 5 in Fighting
  1224 | D:2      | Reached XP level 4. HP: 20/52 MP: 7/7
  1356 | D:2      | Reached skill level 6 in Fighting
  1547 | D:2      | Reached XP level 5. HP: 16/61 MP: 8/8
  1803 | D:2      | Learned a level 2 spell: Blink
  2149 | D:2      | Reached skill level 7 in Fighting
  2357 | D:2      | Learned a level 2 spell: Lesser Beckoning
  2361 | D:2      | Learned a level 3 spell: Maxwell's Portable Piledriver
  3105 | D:3      | Found a bloodstained altar of Trog.
  3748 | D:4      | Reached XP level 6. HP: 62/71 MP: 9/9
  4919 | D:5      | Entered Level 5 of the Dungeon
  4930 | D:5      | Reached skill level 8 in Fighting
  5075 | D:5      | Noticed an ice beast
  5319 | D:5      | Reached XP level 7. HP: 66/81 MP: 11/11
  5390 | D:5      | Found Cura's Self-Published Books.
  5671 | D:5      | Learned a level 4 spell: Vhi's Electric Charge
  5769 | D:5      | Noticed Menkaure
  5908 | D:5      | Killed Menkaure
  5909 | D:5      | Reached skill level 9 in Fighting
  5995 | D:5      | Identified the +9 trident of the Old World {speed, Str+3
                  | Dex+3}
  6020 | D:5      | Found a runed translucent door.
  6021 | D:5      | Noticed Crazy Yiuf
  6074 | D:5      | Reached skill level 1 in Air Magic
  6201 | D:5      | Reached skill level 1 in Polearms
  6342 | D:5      | Killed Crazy Yiuf
  6343 | D:5      | Reached XP level 8. HP: 90/92 MP: 13/13
  6420 | D:6      | Found a staircase to the Ecumenical Temple.
  6444 | Temple   | Entered the Ecumenical Temple
  6578 | Temple   | Became a worshipper of the Shining One
  6782 | D:6      | Reached skill level 10 in Fighting
  7220 | D:6      | Noticed Maggie
  7226 | D:6      | Killed Maggie
  7227 | D:6      | Reached XP level 9. HP: 94/102 MP: 14/16
  7360 | D:6      | Noticed Sigmund
  7363 | D:6      | Killed Sigmund
  7369 | D:6      | Reached skill level 5 in Spellcasting
  7531 | D:6      | Found a stormy altar of Qazlal.
  7531 | D:6      | Found an opulent altar of Gozag.
  7812 | D:7      | Reached * piety under the Shining One
  7830 | D:7      | Reached skill level 11 in Fighting
  7982 | D:7      | Reached skill level 5 in Polearms
  8168 | D:7      | Found a snail-covered altar of Cheibriados.
  8179 | D:7      | Reached skill level 5 in Translocations
  8218 | D:7      | Found a hazy altar of Hepliaklqana.
  8218 | D:7      | Found a broken altar of Ashenzari.
  8218 | D:7      | Found a shimmering blue altar of Sif Muna.
  8227 | D:7      | Found a shimmering altar of Xom.
  8232 | D:7      | Found an ornate altar of the Wu Jian Council.
  8365 | D:7      | Fell from the grace of the Shining One
  8365 | D:7      | Became a worshipper of the Wu Jian Council
  8370 | D:7      | Learned a level 3 spell: Teleport Other
  8673 | D:8      | Noticed a hornet
  8679 | D:8      | Killed a hornet
  8680 | D:8      | Reached XP level 10. HP: 76/115 MP: 18/18
  8857 | D:8      | Found a runed translucent door.
  8858 | D:8      | Found a shimmering altar of Xom.
  8858 | D:8      | Noticed Twinkles's ghost (novice OpBr)
  8858 | D:8      | Noticed a +1 hand axe of chaos
  9066 | D:8      | Identified the +5 trident "Wummado" {drain, Str+4}
  9122 | D:8      | Identified the +4 dagger "Cemennupn" {flame, Fly Str-3
                  | Int+2 Dex+4}
  9143 | D:8      | Found a shadowy altar of Dithmenos.
  9215 | D:8      | Reached skill level 12 in Fighting
  9531 | D:8      | Killed a +1 hand axe of chaos
  9538 | D:8      | Killed Twinkles's ghost
  9879 | D:9      | Reached skill level 13 in Fighting
  9884 | D:9      | Reached * piety under Wu Jian
 10331 | D:9      | Reached XP level 11. HP: 97/127 MP: 21/21
 10419 | D:9      | Noticed a two-headed ogre
 10429 | D:9      | Killed a two-headed ogre
 10436 | D:9      | Noticed a two-headed ogre
 10738 | D:9      | Found a staircase to the Lair.
 10831 | D:9      | Reached skill level 14 in Fighting
 10986 | D:9      | Killed a two-headed ogre
 11354 | D:10     | Entered Level 10 of the Dungeon
 12349 | D:11     | Noticed a two-headed ogre
 12353 | D:11     | Killed a two-headed ogre
 12353 | D:11     | Reached ** piety under Wu Jian
 12419 | D:11     | Noticed a cyclops
 12434 | D:11     | Noticed a two-headed ogre
 12439 | D:11     | Killed a cyclops
 12441 | D:11     | Reached skill level 5 in Maces & Flails
 12458 | D:11     | Killed a two-headed ogre
 12459 | D:11     | Reached skill level 15 in Fighting
 12551 | D:11     | Reached XP level 12. HP: 143/143 MP: 24/24
 12839 | D:11     | Found a staircase to the Orcish Mines.
 13082 | D:11     | Found an ancient bone altar of Kikubaaqudgha.
 13346 | Lair:1   | Entered Level 1 of the Lair of Beasts
 13633 | Lair:1   | Reached *** piety under Wu Jian
 14272 | Lair:1   | Identified the +4 ring mail of Somewhere Else {^Drain +Inv
                  | rCorr}
 14956 | Lair:2   | Reached skill level 16 in Fighting
 15349 | Lair:1   | Reached XP level 13. HP: 39/152 MP: 24/26
 15606 | Lair:2   | Reached skill level 5 in Air Magic
 16400 | Lair:3   | Found a hole to the Spider Nest.
 16847 | Lair:3   | Reached skill level 10 in Spellcasting
 17722 | Lair:3   | Found a staircase to the Swamp.
 18056 | Lair:4   | Reached skill level 5 in Dodging
 18108 | Lair:4   | Reached **** piety under Wu Jian
 19020 | Lair:5   | Entered Level 5 of the Lair of Beasts
 19029 | Lair:5   | Found a staircase to the Slime Pits.
 19031 | Lair:5   | Found a viscous altar of Jiyva.
 19076 | Lair:5   | Reached skill level 17 in Fighting
 19792 | Lair:5   | Noticed a fire dragon
 19810 | Lair:5   | Killed a fire dragon
 19811 | Lair:5   | Reached skill level 1 in Armour
 19811 | Lair:5   | Reached XP level 14. HP: 104/167 MP: 10/28
 20574 | Lair:5   | Reached skill level 18 in Fighting
 20675 | Lair:5   | Reached ***** piety under Wu Jian
 20890 | Lair:5   | Killed from afar by a lindwurm

Illustrated notes

Levels and vault maps discovered:
D:1:      shiori_arrival_oz, layout_rooms, ebering_ecumenical_altar_petrified,
          minmay_tall_x
D:2:      layout_basic, nicolae_half_adder
D:3:      layout_loops_corners, trog_three_pillars_becter
D:4:      layout_basic, serial_forest, infiniplex_forest_clump_double,
          infiniplex_forest_clump_long, infiniplex_forest_clump_diagonal,
          infiniplex_forest_clump_diagonal, infiniplex_forest_straight_5,
          infiniplex_forest_clump_long, infiniplex_forest_end_2,
          infiniplex_forest_straight_2, roderic_serpentine_path, minmay_ruptured
D:5:      layout_gridville, nicolae_custom_books, uniq_menkaure,
          uniq_crazy_yiuf_cottage
D:6:      layout_loops_corners, gammafunk_temple_overflow_wave,
          minmay_temple_entry_mini_moons, uniq_maggie, uniq_sigmund
D:7:      layout_rooms, minmay_overflow_temple_hex, minmay_starry_boxes
D:8:      layout_loops_corners, mainiacjoe_overflow_boulevard,
          ebering_ghost_xom, feat_on_display
D:9:      layout_rooms, lair_entry_dummy, minmay_alternating_orb
D:10:     layout_basic, nicolae_the_louvre
D:11:     layout_gridville, david_orc_4, kiku_gazebo_garden_becter
Temple:   ebering_untended_altars
Lair:1:   layout_cave_pods
Lair:2:   layout_chaotic_city
Lair:3:   layout_cave_pods, minmay_swamp_entry_swarm, spider_nest_entry_webs,
          grunt_megastairs_5
Lair:4:   layout_misc_corridors
Lair:5:   hangedman_lair_in_review, layout_hall_layers,
          guppyfry_lair_end_dragon, slime_entry_1, minivault_27,
          serial_bayou_pond_d, infiniplex_staircase_pool_2

Skill      XL: |  1  2  3  4  5  6  7  8  9 10 11 12 13 14 |
---------------+-------------------------------------------+-----
Fighting       | 3 4 5 6 7 8 9 10 11 13 15 16 17 18 | 18.4
Maces & Flails | 3 5 7 9 |  9.0
Translocations | 3 4 5 6 7 8 |  8.8
Spellcasting   | 3 4 5 7 8 9 10 | 10.3
Air Magic      | 1 2 3 4 5 |  5.5
Polearms       | 1 3 5 7 8 |  8.7
Dodging        | 4 5 6 |  6.2
Armour         | 1 2 |  2.9
Throwing       | |  1.0

Action                     |  1- 3 |  4- 6 |  7- 9 | 10-12 | 13-15 || total
---------------------------+-------+-------+-------+-------+-------++-------
  Melee: Mace              |    94 |   177 |       |       |       ||   271
         Headbutt          |    14 |    33 |    24 |    99 |   100 ||   270
         Short sword       |       |    37 |       |       |       ||    37
         War axe           |       |    27 |    13 |       |       ||    40
         Trident           |       |       |   162 |   506 |   415 ||  1083
  Throw: Dart              |     7 |       |    21 |   174 |    70 ||   272
   Cast: Lesser Beckoning  |       |     1 |       |     3 |       ||     4
         Maxwell's Portabl |       |       |     1 |     6 |     1 ||     8
         Blink             |       |       |       |     3 |     5 ||     8
         Vhi's Electric Ch |       |       |       |     3 |    10 ||    13
         Teleport Other    |       |       |       |       |     1 ||     1
Ability: Whirlwind         |       |       |       |    26 |    17 ||    43
         Lunge             |       |       |       |    14 |     5 ||    19
         Wall Jump         |       |       |       |       |     1 ||     1
    Use: Potion            |     2 |       |       |     2 |     3 ||     7
         Scroll            |     1 |     9 |     1 |     7 |     3 ||    21
   Stab: Petrified         |       |       |       |       |     8 ||     8
         Petrifying        |       |       |       |       |     1 ||     1
 Armour: Robe              |    86 |   180 |    32 |       |       ||   298
         Acid dragon scale |       |       |    27 |   253 |   239 ||   519
  Dodge: Dodged            |    64 |   121 |    27 |   115 |    85 ||   412
  Block: Other             |     7 |    61 |    18 |    53 |    40 ||   179
         Reflection        |       |     2 |     1 |     4 |       ||     7

Table legend: (Time is in decaauts)
 A = Elapsed time spent in this place.
 B = Non-inter-level travel time spent in this place.
 C = Inter-level travel time spent in this place.
 D = Time resting spent in this place.
 E = Time spent auto-exploring this place.
 F = Levels seen in this place.
 G = Mean time per level.
                   A        B        C        D        E       F      G
               +--------+--------+--------+--------+--------+-----+--------+
         Total |  20597 |  19858 |    739 |   3566 |  13406 |  17 | 1211.6 |
       Dungeon |  13133 |  12536 |    597 |   1734 |   8809 |  11 | 1193.9 |
        Temple |    148 |    123 |     25 |      0 |     74 |   1 |  148.0 |
          Lair |   7315 |   7199 |    116 |   1831 |   4523 |   5 | 1463.0 |
               +--------+--------+--------+--------+--------+-----+--------+

Top non-repeatable levels by time:
  Lair:1: 2111 daAuts
     D:4: 1798 daAuts
  Lair:3: 1594 daAuts
  Lair:5: 1462 daAuts
     D:9: 1359 daAuts
     D:5: 1349 daAuts
  Lair:4: 1303 daAuts
     D:8: 1249 daAuts
     D:2: 1241 daAuts
     D:1: 1178 daAuts
     D:6: 1103 daAuts
     D:7: 1022 daAuts
    D:10: 1011 daAuts
    D:11: 915 daAuts
     D:3: 903 daAuts
